 Dungeon Crawl Stone Soup version 0.31-a0-150-g89dc3ad700 (webtiles) character file.

Game seed: 17744166331433719295

81 lunkers the Digger (level 5, 0/38 HPs)
             Began as a Meteoran Earth Elementalist on June 9, 2023.
             Frozen to death by an endoplasm (1 damage)
             ... on level 3 of the Dungeon.
             The game lasted 00:01:24 (703 turns).

lunkers the Digger (Meteoran Earth Elementalist)     Turns: 703, Time: 00:01:24

Health: 0/38       AC:  3    Str:  9    XL:     5   Next: 0%
Magic:  4/11       EV: 12    Int: 18    God:
Gold:   84         SH:  0    Dex: 15    Spells: 10/11 levels left

rFire   . . .        (no weapon)
rCold   . . .        (no shield)
rNeg    . . .        a - +0 robe
rPois   .            (no helmet)
rElec   .            (no cloak)
rCorr   .            h - +0 pair of gloves
SInv    .            (no boots)
Will    .....        (no amulet)
Stlth   +            (no ring)
HPRegen 0.26/turn    (no ring)
MPRegen 0.12/turn

%: no passive effects
@: lethally poisoned (0 -> -8), glowing
A: sense surroundings 1, otherworldly, glowing, explore regen
a: no special abilities


You were on level 3 of the Dungeon.
You visited 1 branch of the dungeon, and saw 3 of its levels.

You collected 84 gold pieces.

Inventory:

Armour
 a - a +0 robe (worn)
 h - a +0 pair of gloves (worn)
Scrolls
 c - 5 scrolls of identify {unknown}
 d - a scroll of enchant armour {unknown}
 e - 2 scrolls of poison {unknown}
Potions
 b - a potion of magic
 f - a potion of curing {unknown}
 g - a potion of degeneration {unknown}


   Skills:
 - Level 2.4 Dodging
 - Level 1.4 Stealth
 + Level 3.9 Spellcasting
 - Level 1.2 Transmutations
 * Level 5.4 Earth Magic


You had 10 spell levels left.
You knew the following spells:

 Your Spells              Type           Power      Damage    Failure   Level
a - Sandblast             Erth           46%        2d11      1%          1

Your spell library contained the following spells:

 Spells                   Type           Power      Damage    Failure   Level
 Passwall                 Tmut/Erth      12%        N/A       6%          2
 Stone Arrow              Conj/Erth      26%        3d8       14%         3
 Cigotuvi's Dreadful Rot  Necr/Pois/Air  6%         N/A       22%         2
 Petrify                  Tmut/Erth      15%        N/A       36%         4
 Dispel Undead            Necr           3%         3d7       83%         4
 Death Channel            Necr           1%         N/A       100%        6


Dungeon Overview and Level Annotations

Branches:
Dungeon (3/15) Zot: 1066

Altars:

Shops:
D:1 (


Innate Abilities, Weirdness & Mutations

You passively map a small area around you.
You are easily found by Zot.
You glow in the dark.
You regain HP and MP as you explore.


Message History

Confirm with . or Enter, or press ? or * to list all spells.
The blast of sand misses the scorpion.
The endoplasm quivers.
The scorpion stings you.
You are poisoned.
The scorpion poisons you! The goblin closely misses you.
The scorpion barely misses you. The goblin hits you with a +0 dagger.
Casting: Sandblast (safe; 1% risk of failure)
Confirm with . or Enter, or press ? or * to list all spells.
The blast of sand hits the scorpion!
The scorpion is heavily wounded.
You feel very sick. The scorpion closely misses you.
The goblin hits you but does no damage. The scorpion stings you.
You are more poisoned.
The scorpion poisons you!
Casting: Sandblast (safe; 1% risk of failure)
Confirm with . or Enter, or press ? or * to list all spells.
The blast of sand hits the scorpion.
The scorpion is severely wounded.
You feel very sick. The scorpion stings you!
* * * LOW HITPOINT WARNING * * *
The goblin hits you but does no damage. The scorpion stings you.
* * * LOW HITPOINT WARNING * * *
The goblin hits you but does no damage.
You are too injured to fight recklessly!
Unknown command.
Aiming: Sandblast (safe; 1% risk of failure)
Press: ? - help, Q - select action Shift-Dir - straight line, f/p - scorpion
Aim: a scorpion (severely wounded, 83% to hit)
The blast of sand hits the scorpion.
The scorpion is almost dead.
* * * LOW HITPOINT WARNING * * *
You feel very sick. The scorpion stings you.
* * * LOW HITPOINT WARNING * * *
The endoplasm freezes you.
You are frozen.
You die...

, , #.## *,
...## * ,
##..... , ,
,....... , ,
* ....... ,
, ,
##....... ,
#$....... ,
* ,*
##s.......
,,,
#@........
** *
#Jg........
,
....##......
, ,, ......#
#.....
.[......#
..... ,
###......,
##.. *
......< *#.
* , ,
,.#...### ,
, ,


You could see a scorpion, an endoplasm and a goblin.

Vanquished Creatures
  4 adders
  3 ball pythons
  6 endoplasms
  4 giant cockroaches
  2 goblins (D:1)
  3 hobgoblins
  2 jackals (D:1)
  3 quokkas
  7 bats
  2 frilled lizards (D:1)
  2 kobolds (D:1)
  3 rats
41 creatures vanquished.

Notes
Turn   | Place    | Note
-------+----------+-------------------------------------------
     0 | D:1      | lunkers the Meteoran Earth Elementalist began the quest for
                  | the Orb.
     0 | D:1      | Reached XP level 1. HP: 14/14 MP: 5/5
    56 | D:1      | Reached skill level 4 in Earth Magic
    56 | D:1      | Reached XP level 2. HP: 14/20 MP: 1/6
   209 | D:1      | Found Ligel's Antique Weapon Shoppe.
   245 | D:1      | Reached XP level 3. HP: 26/26 MP: 6/8
   518 | D:2      | Reached XP level 4. HP: 33/33 MP: 5/10
   522 | D:2      | Reached skill level 5 in Earth Magic
   694 | D:3      | Noticed a scorpion
   699 | D:3      | Reached XP level 5. HP: 36/38 MP: 8/11
   703 | D:3      | HP: 1/38 [scorpion (2)]
   703 | D:3      | Frozen to death by an endoplasm

Illustrated notes

Levels and vault maps discovered:
D:1:      lemuel_arrival_room, layout_basic, serial_shops, shop
D:2:      layout_loops_corners
D:3:      layout_rooms, uniq_natasha

Skill      XL: |  1  2  3  4 |
---------------+-------------+-----
Earth Magic    | 4 5 |  5.4
Spellcasting   | 3 |  3.9
Dodging        | |  2.4
Stealth        | |  1.4
Transmutations | |  1.2

Action                     |  1- 3 |  4- 6 || total
---------------------------+-------+-------++-------
   Cast: Sandblast         |    39 |    21 ||    60
 Armour: Robe              |     4 |     7 ||    11
  Dodge: Dodged            |     5 |     6 ||    11

Table legend: (Time is in decaauts)
 A = Elapsed time spent in this place.
 B = Non-inter-level travel time spent in this place.
 C = Inter-level travel time spent in this place.
 D = Time resting spent in this place.
 E = Time spent auto-exploring this place.
 F = Levels seen in this place.
 G = Mean time per level.
                   A        B        C        D        E       F      G
               +--------+--------+--------+--------+--------+-----+--------+
         Total |    732 |    690 |     42 |      0 |    501 |   3 |  244.0 |
       Dungeon |    732 |    690 |     42 |      0 |    501 |   3 |  244.0 |
               +--------+--------+--------+--------+--------+-----+--------+

Top non-repeatable levels by time:
     D:2: 382 daAuts
     D:1: 337 daAuts
     D:3: 11 daAuts
